 Dungeon Crawl Stone Soup version 0.23.2-1-ga50397a6bc (webtiles) character file.

Game seed: 4849649824393063533

12 Gargoyl the Skirmisher (level 2, 26/26 HPs)
             Began as a Centaur Abyssal Knight on May 13, 2019.
             Was a Follower of Lugonu.
             Quit the game on level 1 of the Dungeon.
             The game lasted 00:01:11 (673 turns).

Gargoyl the Skirmisher (Centaur Abyssal Knight)      Turns: 673, Time: 00:01:11

Health: 26/26      AC:  6    Str: 14    XL:     2   Next: 20%
Magic:  3/3        EV:  9    Int: 11    God:    Lugonu [*.....]
Gold:   138        SH:  0    Dex:  8    Spells: 1/1 levels left

rFire    + . .     SeeInvis .   a - +1 hand axe
rCold    . . .     Gourm    .   (no shield)
rNeg     . . .     Faith    .   b - +0 leather armour
rPois    .         Spirit   .   (no helmet)
rElec    .         Reflect  .   (no cloak)
rCorr    .         Harm     .   (no gloves)
MR       .....                  (no barding)
Stlth    ..........             (no amulet)
HPRegen  0.08/turn              (no ring)
MPRegen  0.08/turn              (no ring)

@: very quick
A: large, hooves 3, icy blue scales 1, deformed body, fire resistance 1, speed
2, tough skin 3
a: Depart the Abyss, Renounce Religion


You were on level 1 of the Dungeon.
You worshipped Lugonu.
Lugonu was aware of your devotion.
You were not hungry.

You visited 1 branch of the dungeon, and saw 1 of its levels.
You visited the Abyss 1 time.

You collected 138 gold pieces.

Inventory:

Hand Weapons
 a - a +1 hand axe (weapon)
Armour
 b - a +0 leather armour (worn)
Wands
 e - a wand of digging (7)
Comestibles
 c - 3 rations


   Skills:
 + Level 3.2 Fighting
 + Level 1.9 Axes
 * Level 1.5 Armour
 * Level 0.9 Dodging
 * Level 2.1 Invocations


You had one spell level left.
You didn't know any spells.
Your spell library was empty.

Dungeon Overview and Level Annotations

Branches:
Dungeon (1/15)

Altars:


Innate Abilities, Weirdness & Mutations

You have hooves in place of feet.
Armour fits poorly on your strangely shaped body.
You cover ground very quickly.
You have extremely tough skin. (AC +3)
You are partially covered in icy blue scales. (AC +2)
Your flesh is heat resistant. (rF+)


Message History

The jackal bites you but does no damage.
The rat bites you but does no damage.
You barely miss the rat. You kick the rat.
You kill the rat!
Lugonu accepts your kill.
You can now depart the Abyss.
You slash the jackal!
You kill the jackal!
Lugonu accepts your kill.
Unknown command.
You see here a rat corpse.
Unknown command.
Unknown command.
You start resting.
HP restored.
As you read the scroll labeled FURAEN TUHOUP, it crumbles to dust.
You feel as if something is helping you.
It was a scroll of remove curse.
a - a +1 hand axe (weapon)
You drop a -1 battleaxe.
Are you sure you want to abandon this character and quit the game? (Confirm with "yes".)

#########
#.......#
#.......####
#.......#...
#..........
#.......#
####.......#.#
#....†..@....#
#.#####.###..#
#.# #.# # #.#
#.# #.. #.#
###.# #.# .#
#.# #...###.##
....... #.#
#.##.....#
#.#.... #.#
#.##.##..#
#.#.... #.#
#.##.##..#
#.#....


There were no monsters in sight!

Vanquished Creatures
  A leopard gecko (D:1)
  A giant cockroach (D:1)
  A hobgoblin (D:1)
  2 jackals (D:1)
  2 bats (D:1)
  A frilled lizard (D:1)
  2 kobolds (D:1)
  A rat (D:1)
11 creatures vanquished.

Notes
Turn   | Place    | Note
-------+----------+-------------------------------------------
     0 | Abyss:1  | Gargoyl the Centaur Abyssal Knight began the quest for the
                  | Orb.
     0 | Abyss:1  | Reached XP level 1. HP: 19/19 MP: 2/2
    12 | Abyss:2  | Gained mutation: Your flesh is heat resistant. (rF+)
                  | [potion of mutation]
    12 | Abyss:2  | Gained mutation: You are partially covered in icy blue
                  | scales. (AC +2) [potion of mutation]
    12 | Abyss:2  | Gained mutation: You are dopey. (Int -2) [potion of
                  | mutation]
    12 | Abyss:2  | Lost mutation: You are dopey. (Int -2) [potion of mutation]
    14 | Abyss:2  | Found a corrupted altar of Lugonu.
   161 | Abyss:2  | Noticed a phantasmal warrior
   186 | Abyss:2  | Noticed an ancient zyme
   193 | Abyss:2  | Noticed a raiju
   194 | Abyss:2  | Noticed a ynoxinul
   205 | Abyss:2  | Noticed a starcursed mass
   206 | D:1      | Escaped the Abyss
   554 | D:1      | Reached XP level 2. HP: 26/26 MP: 3/3
   581 | D:1      | Reached * piety under Lugonu
   673 | D:1      | Quit the game

Action                   || total
-------------------------++-------
Melee: Battleaxe         ||    33
       Kick              ||     4
Invok: Depart the Abyss  ||     1
  Use: Potion            ||     2
       Scroll            ||     2
Armor: Leather armour    ||    39
Dodge: Dodged            ||    32
